 Dungeon Crawl Stone Soup version 0.14-a0-155-gd989017 (webtiles) character file.

206 PolkaDot the Cudgeler (level 4, 0/46 HPs)
             Began as an Ogre Gladiator on Oct 4, 2013.
             Slain by a gnoll
             ... wielding a +0,+0 halberd
              (6 damage)
             ... on Level 2 of the Dungeon.
             The game lasted 00:04:34 (1092 turns).

PolkaDot the Cudgeler (Ogre Gladiator)              Turns: 1092, Time: 00:04:35

HP   0/46        AC  4     Str 20      XL: 4   Next: 49%
MP   3/3         EV 11     Int  7      God:
Gold 120         SH  0     Dex 11      Spells:  0 memorised,  3 levels left

Res.Fire  : . . .   See Invis. : +   a - +0 mace
Res.Cold  : . . .   Warding    : .   b - +0 animal skin
Life Prot.: . . .   Conserve   : +   (shield restricted)
Res.Poison: .       Res.Corr.  : .   c - +0 cap
Res.Elec. : .       Clarity    : .   l - +0 cloak
Sust.Abil.: . .     Spirit.Shd : .   (gloves unavailable)
Res.Mut.  : .       Stasis     : .   (boots unavailable)
Res.Rott. : .       Flight     : .   p - amulet of conservation {unknown}
Saprovore : + . .                    o - ring of see invisible {unknown}
                                     n - +1 ring of evasion

@: slightly resistant to hostile enchantments, unstealthy
A: unfitting armour, fast metabolism 1, saprovore 1, tough skin 1
a: no special abilities


You were on level 2 of the Dungeon.
You were not hungry.

You visited 1 branch of the dungeon, and saw 2 of its levels.

You collected 100 gold pieces.

Inventory:

Hand weapons
 a - a +0,+0 mace (weapon)
Armour
 b - a +0 animal skin (worn)
 c - a +0 cap (worn)
 l - a +0 cloak (worn)
Comestibles
 f - 3 meat rations
 j - 2 rotting chunks of hobgoblin flesh
 k - 2 chunks of goblin flesh
 r - 2 rotting chunks of worm flesh
 t - a bread ration
 x - a chunk of ball python flesh
Scrolls
 e - a scroll of curse jewellery {unknown}
 g - 5 scrolls of identify {unknown}
 h - a scroll of curse weapon {unknown}
 i - a scroll of fog {unknown}
 m - a scroll of teleportation {unknown}
 q - a scroll of magic mapping {unknown}
 s - a scroll of enchant weapon I {unknown}
 v - 2 scrolls of amnesia {unknown}
Jewellery
 n - a +1 ring of evasion (left hand)
 o - a ring of see invisible (right hand) {unknown}
 p - an amulet of conservation (around neck) {unknown}


   Skills:
 + Level 4.5 Fighting
 * Level 5.7 Maces & Flails
 - Level 2.1 Throwing
 - Level 2.6 Dodging


You had 3 spell levels left.
You didn't know any spells.

Dungeon Overview and Level Annotations

Branches:
Dungeon (2/27)

Altars:


Innate Abilities, Weirdness & Mutations

You are too large for most types of armour.
You have a fast metabolism.
You can tolerate rotten meat.
You have tough skin (AC +1).


Message History

You hit the gnoll.
The gnoll is moderately wounded.
The gnoll hits you with a halberd!
* * * LOW HITPOINT WARNING * * *
Drink which item? (? for menu, Esc to quit)
You feel better. The gnoll hits you with a halberd.
* * * LOW HITPOINT WARNING * * *
Drink which item? (? for menu, Esc to quit)
You feel better. The gnoll hits you with a halberd!
* * * LOW HITPOINT WARNING * * *
You hit the gnoll but do no damage.
The gnoll is moderately wounded.
The gnoll barely misses you.
You hit the gnoll.
The gnoll is heavily wounded.
The gnoll barely misses you.
You hit the gnoll but do no damage.
The gnoll is heavily wounded.
The gnoll hits you with a halberd.
You die...

#.#.....................#
#.#...)..............##.#
#.#..........##########.# #
#.#..........# #.# #
#.#..........# #.# #
#.#..........# #.# #
######.#.###..##### #.# #
...)...........#############.####
...............g@).............##
...............#############.#...
...............# #....# #.#...
...............# #....######.#...
.....(.........# #...............
...........>...# #....######.#...
#.####.#.......# #....# #.#.##
#.# #.#.......# #....# #.#.#
#.####.#......g###....#### #.#.#


You could see a gnoll.

Vanquished Creatures
  Terence (D:2)
  3 gnolls (D:2)
  An adder (D:2)
  2 worms (D:2)
  A ball python (D:2)
  A giant cockroach (D:1)
  3 hobgoblins
  A quokka (D:2)
  4 bats
  A giant newt (D:1)
  9 goblins
  A kobold (D:1)
  3 rats
31 creatures vanquished.

Notes
Turn   | Place    | Note
--------------------------------------------------------------
     0 | D:1      | PolkaDot, the Ogre Gladiator, began the quest for the Orb.
     0 | D:1      | Reached XP level 1. HP: 22/22 MP: 0/0
   172 | D:1      | Reached XP level 2. HP: 26/29 MP: 1/1
   623 | D:2      | Noticed Terence
   639 | D:2      | Killed Terence
   639 | D:2      | Reached XP level 3. HP: 17/37 MP: 2/2
   792 | D:2      | Reached skill level 5 in Maces & Flails
  1070 | D:2      | Reached XP level 4. HP: 41/46 MP: 3/3
  1092 | D:2      | Slain by a gnoll

Action                   |  1- 3 |  4- 6 || total
-------------------------+-------+-------++-------
Melee: Mace              |   100 |    16 ||   116
Throw: Throwing net      |     1 |     2 ||     3
  Use: Potion            |     3 |     2 ||     5
 Stab: Held in net/web   |     1 |     1 ||     2
